 Dungeon Sprint DCSS version 0.21.2 (webtiles) character file.

1114 Fang the Fighter (level 8, -15/90 HPs)
             Began as a Gargoyle Berserker on Sept 25, 2018.
             Was a High Priest of Trog.
             Demolished by a deep troll (19 damage)
             ... summoned by the player character
             ... in the Dungeon (Sprint VII: "The Pits").
             The game lasted 00:02:00 (808 turns).

Fang the Fighter (Gargoyle Berserker)                Turns: 808, Time: 00:02:00

Health: -15/90     AC: 19    Str: 27    XL:     8   Next: 34%
Magic:  2/2        EV: 11    Int:  9    God:    Trog [*****.]
Gold:   0          SH:  0    Dex:  9    Spells: 7/7 levels left

rFire    . . .     SeeInvis .   o - +4 battleaxe (antimagic)
rCold    . . .     Gourm    .   (shield currently unavailable)
rNeg     + . .     Faith    .   n - +3 chain mail
rPois    ∞         Spirit   .   (no helmet)
rElec    +         Reflect  .   (no cloak)
rCorr    .         Harm     .   (no gloves)
MR       .....     NoTele   +   (no boots)
Stlth    ..........             (no amulet)
HPRegen  0.25/turn              (no ring)
MPRegen  0.08/turn              (no ring)

@: confused, berserking (expiring), very quick
A: negative energy resistance 1, electricity resistance, unbreathing,
petrification resistance, rot immunity, AC +5
a: Berserk, Trog's Hand, Brothers in Arms, Burn Spellbooks, Renounce Religion


You were in the Dungeon.
You worshipped Trog.
Trog was extremely pleased with you.
You were very hungry.

You visited 1 branch

Inventory:

Hand Weapons
 j - a +2 hand axe
 m - a +0 hand axe of freezing
 o - a +4 antimagic battleaxe (weapon)
Armour
 n - a +3 chain mail (worn)
Scrolls
 i - a scroll of blinking
 k - 3 scrolls of remove curse
 l - a scroll of summoning
Potions
 a - 2 potions of invisibility
 d - 6 potions of curing
 e - 6 potions of heal wounds
 f - a potion of haste
 g - 4 potions of magic
 h - 3 potions of berserk rage
Comestibles
 c - 9 rations


   Skills:
 + Level 11.4 Fighting
 + Level 11.0 Axes
 + Level 6.6 Armour
 + Level 5.8 Dodging
 + Level 1.6 Stealth


You had 7 spell levels left.
You didn't know any spells.

Dungeon Overview and Level Annotations

Branches:
Dungeon (1/1)

Altars:
Cheibriados
Dithmenos
Elyvilon
Fedhas
Gozag
Hepliaklqana
Makhleb
Nemelex Xobeh
Okawaru
Qazlal
Ru
Sif Muna
Trog
Vehumet
Wu Jian
Xom
Yredelemnul
Zin
The Shining One
Beogh
Jiyva
Lugonu


Innate Abilities, Weirdness & Mutations

You are resistant to torment.
Your stone body is resilient. (AC +5)
You are immune to poison.
You resist negative energy. (rN+)
You are resistant to electric shocks. (rElec)
You can survive without breathing.
You are immune to petrification.
You are immune to rotting.


Message History

The tarantella barely misses you.
The orc warrior hits you but does no damage.
The redback bites you! The deep troll barely misses you.
The deep troll claws you! x2
You closely miss the orc knight. You barely miss the deep troll.
You closely miss the redback. You closely miss the tarantella.
The tarantella bites you but does no damage.
The deep troll bites you but does no damage.
The deep troll claws you!
* * * LOW HITPOINT WARNING * * *
The deep troll closely misses you. The redback completely misses you.
The orc knight hits you but does no damage.
The orc warrior hits you from afar with a trident of flaming.
* * * LOW HITPOINT WARNING * * *
The orc warrior burns you.
* * * LOW HITPOINT WARNING * * *
The deep troll bites you.
* * * LOW HITPOINT WARNING * * *
The deep troll claws you!!
You die...

#(#..[)))..##.......#
#..
#.#..[.))..##.......#
S#
#(###########.......#
#)).....#.. #########
#).#.#..#.######
#.##.##.#.#....#
#.......#†#o...#
#.##.##.#Ts....+
#..#.#..#@#s...#
#.......).#o...#
################


You could see an orc knight, a deep troll (berserk) and a tarantella.

Vanquished Creatures
  3 floating eyes (D)
  An orc warrior (D)
  A wight (D)
  A crimson imp (D)
  2 hounds (D)
  An orc priest (D)
  An orc wizard (D)
  An adder (D)
  A leopard gecko (D)
  An orc (D)
  3 ball pythons (D)
  A bat skeleton (D)
  3 jackals (D)
  A kobold (D)
  A quokka (D)
  A bat (D)
23 creatures vanquished.

Vanquished Creatures (collateral kills)
  A flying skull (D)
  2 redbacks (D)
  2 orc warriors (D)
  A phantom (D)
  A centaur (D)
  An ooze (D)
  An orc (D)
9 creatures vanquished.

Grand Total: 32 creatures vanquished

Notes
Turn   | Place    | Note
-------+----------+-------------------------------------------
     0 | D        | Fang the Gargoyle Berserker began the quest for the Orb.
     0 | D        | Reached XP level 1. HP: 14/14 MP: 1/1
    10 | D        | Noticed a vampire mosquito
    33 | D        | Found a bloodstained altar of Trog.
    33 | D        | Found a deep blue altar of Sif Muna.
    33 | D        | Found a viscous altar of Jiyva.
    33 | D        | Found a hazy altar of Hepliaklqana.
    33 | D        | Found an opulent altar of Gozag.
    34 | D        | Found a glowing golden altar of the Shining One.
    34 | D        | Found a glowing silver altar of Zin.
    34 | D        | Found a basalt altar of Yredelemnul.
    34 | D        | Found a shimmering altar of Xom.
    34 | D        | Found an ornate altar of the Wu Jian Council.
    34 | D        | Found a sacrificial altar of Ru.
    34 | D        | Found a stormy altar of Qazlal.
    34 | D        | Found an iron altar of Okawaru.
    34 | D        | Found a sparkling altar of Nemelex Xobeh.
    34 | D        | Found a burning altar of Makhleb.
    34 | D        | Found a blossoming altar of Fedhas.
    34 | D        | Found a white marble altar of Elyvilon.
    34 | D        | Found a shadowy altar of Dithmenos.
    34 | D        | Found a snail-covered altar of Cheibriados.
    38 | D        | Found a roughly hewn altar of Beogh.
    38 | D        | Found a corrupted altar of Lugonu.
    38 | D        | Found a radiant altar of Vehumet.
    81 | D        | Reached ** piety under Trog
   237 | D        | Noticed a hound
   237 | D        | Noticed a floating eye
   242 | D        | Killed a floating eye
   242 | D        | Reached skill level 5 in Axes
   242 | D        | Reached XP level 2. HP: 9/23 MP: 2/2
   242 | D        | Reached XP level 3. HP: 12/28 MP: 3/3
   242 | D        | Reached XP level 4. HP: 13/32 MP: 4/4
   243 | D        | Reached *** piety under Trog
   246 | D        | Reached XP level 5. HP: 17/38 MP: 5/5
   495 | D        | Reached **** piety under Trog
   525 | D        | Noticed a flying skull
   525 | D        | Noticed a phantom
   525 | D        | Noticed a floating eye
   531 | D        | Paralysed by a floating eye for 2 turns
   534 | D        | Noticed a centaur
   534 | D        | Killed a floating eye
   534 | D        | Reached XP level 6. HP: 45/45 MP: 6/6
   536 | D        | Noticed an orc warrior
   536 | D        | Killed a flying skull
   536 | D        | Reached skill level 1 in Stealth
   548 | D        | Reached ***** piety under Trog
   548 | D        | Reached skill level 5 in Armour
   553 | D        | Killed an orc warrior
   555 | D        | Killed a phantom
   555 | D        | Reached skill level 10 in Fighting
   555 | D        | Reached skill level 5 in Dodging
   555 | D        | Reached XP level 7. HP: 16/52 MP: 7/7
   770 | D        | Received a gift from Trog
   791 | D        | Reached skill level 10 in Axes
   795 | D        | Noticed an orc knight
   795 | D        | Noticed a redback
   795 | D        | Noticed a tarantella
   795 | D        | Noticed a redback
   795 | D        | Noticed a redback
   797 | D        | Killed a redback
   799 | D        | Reached XP level 8. HP: 60/60 MP: 2/8
   800 | D        | Killed a redback
   803 | D        | Received a gift from Trog
   808 | D        | HP: 4/90 [deep troll[the player character] (4)]
   808 | D        | Demolished by a deep troll

Skill      XL: |  1  2  3  4  5  6  7  8 |
---------------+-------------------------+-----
Axes           | 5 6 7 9 10 11 | 11.0
Fighting       | 6 7 8 10 11 | 11.4
Armour         | 3 4 5 6 |  6.6
Dodging        | 3 4 5 |  5.8
Stealth        | 1 |  1.6

Action                   |  1- 3 |  4- 6 |  7- 9 || total
-------------------------+-------+-------+-------++-------
Melee: Hand axe          |    19 |    24 |     3 ||    46
       Battleaxe         |       |       |    19 ||    19
Invok: Berserk           |     1 |     1 |     1 ||     3
       Brothers in Arms  |       |     1 |     1 ||     2
  Eat: Chunk             |       |       |     2 ||     2
Armor: Animal skin       |     7 |     1 |       ||     8
       Chain mail        |       |    12 |    19 ||    31
Dodge: Dodged            |    19 |     9 |    14 ||    42
